 Dungeon Crawl Stone Soup version 0.29-a0-1065-g47a6bb87d6 (webtiles) character file.

Game seed: 7885849362206515320

6019 nickcage the Bludgeoner (level 10, -2/83 HPs)
             Began as a Minotaur Abyssal Knight on Aug 18, 2022.
             Was a High Priest of Lugonu.
             Killed from afar by an electric eel (7 damage)
             ... with a bolt of electricity
             ... on level 7 of the Dungeon.
             The game lasted 00:19:19 (10159 turns).

nickcage the Bludgeoner (Minotaur Abyssal Knight)  Turns: 10159, Time: 00:19:20

Health: -2/83      AC: 16    Str: 27    XL:     10   Next: 56%
Magic:  11/11      EV: 13    Int:  7    God:    Lugonu [*****.]
Gold:   439        SH:  0    Dex: 15    Spells: 9/9 levels left

rFire   . . .      SeeInvis .   n - +4 flail "Arbiter" {venom, Dex+3}
rCold   . . .      Faith    .   (no shield)
rNeg    . . .      Spirit   .   D - +0 plate armour
rPois   .          Reflect  .   (helmet restricted)
rElec   .          Harm     .   w - +2 cloak {Will+}
rCorr   .          Rampage  .   (no gloves)
Will    +....                   (no boots)
Stlth   ..........              (no amulet)
HPRegen 0.23/turn               l - +6 ring of strength
MPRegen 0.12/turn               A - +4 ring of evasion

@: no status effects
A: horns 2, retaliatory headbutt
a: Renounce Religion, Depart the Abyss, Bend Space, Banish, Corrupt, Enter the
Abyss


You were on level 7 of the Dungeon.
You worshipped Lugonu.
Lugonu was extremely pleased with you.
You visited 1 branch of the dungeon, and saw 7 of its levels.
You visited the Abyss 1 time.

You collected 439 gold pieces.

Inventory:

Hand Weapons
 i - a +0 great mace of protection
 j - a +0 morningstar
 n - the +4 flail "Arbiter" (weapon) {venom, Dex+3}
   (You took it off a gnoll sergeant on level 7 of the Dungeon)

   It poisons the flesh of those it strikes.
   Dex:       It affects your dexterity (+3).
 F - the +3 spear of Growth {flame, Fly Int+5 Stlth-}
   (You found it on level 5 of the Dungeon)

   It burns those it strikes, dealing additional fire damage.
   Int:       It affects your intelligence (+5).
   Fly:       It grants you flight.
   Stlth:     It makes you less stealthy.
 J - a +2 vorpal dire flail
Missiles
 y - 2 throwing nets (quivered)
 N - 2 silver javelins
Armour
 t - a +3 ring mail
 w - a +2 cloak of willpower (worn)
 D - a +0 plate armour (worn)
Jewellery
 d - a ring of see invisible
 g - a +6 ring of intelligence
 l - a +6 ring of strength (left hand)
 p - a +6 ring of dexterity
 A - a +4 ring of evasion (right hand)
 B - a +6 ring of intelligence
 C - an amulet of faith
 O - a +6 ring of intelligence
Wands
 o - a wand of polymorph (9)
 z - a wand of quicksilver (2)
 K - a wand of iceblast (10)
Scrolls
 b - a scroll of amnesia
 c - a scroll of fear
 h - 2 scrolls of identify
 x - 2 scrolls of noise
Potions
 a - a potion of ambrosia {unknown}
 e - 2 potions of brilliance
 f - 2 potions of degeneration
 k - a potion of haste {unknown}
 m - a potion of resistance {unknown}
 q - 3 potions of curing
 r - a potion of lignification
 u - a potion of attraction {unknown}
 E - a potion of might {unknown}
 G - 2 potions of heal wounds
 I - 2 potions of flight {unknown}
 L - a potion of invisibility {unknown}
Miscellaneous
 s - a piece from Xom's chessboard (15/15)


   Skills:
 - Level 6.2 Fighting
 * Level 16.1 Maces & Flails
 + Level 7.2 Armour
 - Level 3.3 Dodging
 - Level 3.3 Invocations


You had 9 spell levels left.
You didn't know any spells.
Your spell library contained the following spells:

 Spells                   Type           Power      Damage    Failure   Level
 Beastly Appendage        Tmut           0%         N/A       99%         1
 Magic Dart               Conj           0%         1d3       99%         1
 Summon Small Mammal      Summ           0%         N/A       99%         1
 Call Imp                 Summ           0%         N/A       100%        2
 Wereblood                Tmut           0%         N/A       100%        2
 Call Canine Familiar     Summ           0%         N/A       100%        3
 Mephitic Cloud           Conj/Pois/Air  0%         N/A       100%        3
 Spider Form              Tmut/Pois      0%         N/A       100%        3
 Summon Guardian Golem    Hex/Summ       0%         N/A       100%        3
 Tukima's Dance           Hex            0%         N/A       100%        3
 Anguish                  Hex/Necr       0%         N/A       100%        4
 Lightning Bolt           Conj/Air       0%         1d11      100%        5
 Summon Forest            Summ/Tloc      0%         N/A       100%        5
 Summon Mana Viper        Hex/Summ       0%         N/A       100%        5
 Starburst                Conj/Fire      0%         6d3       100%        6
 Summon Cactus Giant      Summ           0%         N/A       100%        6
 Enfeeble                 Hex            0%         N/A       100%        7


Dungeon Overview and Level Annotations

Branches:
Dungeon (7/15)             Temple (0/1) D:6

Altars:
Cheibriados
Okawaru
Trog


Innate Abilities, Weirdness & Mutations

You have a pair of horns on your head.
You reflexively headbutt those who attack you in melee.


Message History

The electric eel completely resists.
The bolt of electricity hits you.
The electric eel shoots out a bolt of lightning at you!
The bolt of electricity hits you!
Your unstable footing causes you to fumble your attack.
The electric eel shoots out a bolt of lightning at you!
The bolt of electricity hits you!
You closely miss the electric eel. You sock the electric eel!
The electric eel is heavily wounded.
A nearby plant withers and dies.
The electric eel shoots out a bolt of lightning at you!
The bolt of electricity hits you but does no damage.
The electric eel shoots out a bolt of lightning at you!
The bolt of electricity misses you.
The electric eel shoots out a bolt of lightning at you!
The bolt of electricity hits you.
The electric eel shoots out a bolt of lightning at you!
The bolt of electricity misses the electric eel.
The bolt of electricity hits you!
The electric eel shoots out a bolt of lightning at you!
The bolt of electricity hits the electric eel.
The electric eel completely resists.
The bolt of electricity hits you.
The electric eel shoots out a bolt of lightning at you!
The bolt of electricity hits you!
* * * LOW HITPOINT WARNING * * *
The electric eel shoots out a bolt of lightning at you!
The bolt of electricity hits the electric eel.
The electric eel completely resists.
The bolt of electricity hits you!
* * * LOW HITPOINT WARNING * * *
As you read the scroll of fear, it crumbles to dust.
You assume a fearsome visage.
The electric eel looks frightened! x3
The electric eel resists with some effort.
The electric eel shoots out a bolt of lightning at you!
The bolt of electricity hits the electric eel.
The electric eel completely resists.
The electric eel's attack snaps the electric eel out of its fear.
The bolt of electricity misses you.
The electric eel shoots out a bolt of lightning at you!
The bolt of electricity hits you!
You die...

~~~P~~~~♣~###.#.#.##............#
~~~~~~~~~♣....))).......#####....
~~~~~~~~~~♣##.#.#.#..#.#####....#
~~~~~~~~~~♣###...##.............#
~~~≈~~~~~♣~# ##.####)#.#####.....
~♣~≈≈≈~~~~~## #.####.#.# ##.#.#
~~≈≈≈≈≈~~~♣~# #........# #.#.#
~~≈≈≈≈≈≈♣~~~########..## #.#.#
~~≈≈≈≈≈≈≈~S~....@.###.# #.#.#
P~~≈≈≈≈≈~~♣♣#####.# #. #.#.#
~~≈≈≈≈≈≈≈~P ... # #...#
~≈≈≈≈≈≈S≈PP♣ ###.#l .....
≈≈≈≈≈≈~~♣♣ .# #...# ≈≈S≈≈≈~PP♣ .#
# ≈≈≈≈≈~~♣♣P# #.###.. # ~≈≈~~P~
.. ......# #### #.##
###...#######...


You could see an electric eel.

Vanquished Creatures
  A deep elf pyromancer (D:7)
  A cyclops (D:7)
  A komodo dragon (D:7)
  Grinder (D:6)
  A slime creature (D:7)
  Sigmund (D:6)
  A wyvern (D:7)
  A wraith (D:7)
  2 steam dragons (D:6)
  2 vampire mosquitoes (D:7)
  Menkaure (D:4)
  3 orc warriors (D:7)
  3 ice beasts
  2 sky beasts
  An ogre (D:4)
  2 centaurs
  A phantom (D:6)
  A bullfrog (D:7)
  Blork the orc (D:6)
  A gnoll sergeant (D:7)
  2 necrophages
  10 wights
  2 scorpions
  5 killer bees (D:7)
  5 electric eels (D:7)
  3 hounds
  10 jellies
  5 orc priests (D:7)
  Crazy Yiuf (D:3)
  2 iguanas
  2 gnoll boudas
  3 orc wizards (D:7)
  10 gnolls
  10 adders
  3 shadow imps
  An ufetubus (D:7)
  3 worms
  A dart slug (D:3)
  27 orcs
  5 ball pythons
  3 bats
  13 endoplasms
  6 giant cockroaches
  11 goblins
  6 hobgoblins
  10 jackals
  20 kobolds
  7 quokkas
  2 frilled lizards (D:2)
  3 rats (D:3)
219 creatures vanquished.

Vanquished Creatures (others)
  2 fungi (D:2)
  41 plants
  8 toadstools (D:2)
51 creatures vanquished.

Grand Total: 270 creatures vanquished

Notes
Turn   | Place    | Note
-------+----------+-------------------------------------------
     0 | Abyss:1  | nickcage the Minotaur Abyssal Knight began the quest for
                  | the Orb.
     0 | Abyss:1  | Reached XP level 1. HP: 19/19 MP: 1/1
     1 | D:1      | Escaped the Abyss
    54 | D:1      | Reached skill level 3 in Maces & Flails
    79 | D:1      | Reached XP level 2. HP: 19/26 MP: 2/2
   401 | D:1      | Found a faded altar of an unknown god.
   450 | D:1      | Reached skill level 4 in Maces & Flails
  1004 | D:2      | Reached XP level 3. HP: 31/31 MP: 3/3
  1300 | D:2      | Reached *** piety under Lugonu
  1548 | D:2      | Reached skill level 5 in Maces & Flails
  1697 | D:2      | Reached XP level 4. HP: 32/39 MP: 4/4
  1808 | D:2      | Reached skill level 6 in Maces & Flails
  1811 | D:2      | Reached XP level 5. HP: 31/45 MP: 5/5
  2362 | D:3      | Reached **** piety under Lugonu
  2423 | D:3      | Reached skill level 7 in Maces & Flails
  2628 | D:3      | Found a bloodstained altar of Trog.
  2628 | D:3      | Found an iron altar of Okawaru.
  2884 | D:3      | Found a runed translucent door.
  2885 | D:3      | Noticed Crazy Yiuf
  2894 | D:3      | Killed Crazy Yiuf
  3315 | D:4      | Reached XP level 6. HP: 51/51 MP: 6/6
  3427 | D:4      | Reached skill level 8 in Maces & Flails
  3798 | D:4      | Reached skill level 9 in Maces & Flails
  3798 | D:4      | Reached XP level 7. HP: 11/57 MP: 7/7
  4028 | D:4      | Noticed Menkaure
  4036 | D:4      | Killed Menkaure
  4036 | D:4      | Reached ***** piety under Lugonu
  4038 | D:4      | HP: 1/57 [iguana (5)]
  4342 | D:4      | Reached skill level 10 in Maces & Flails
  5008 | D:5      | Entered Level 5 of the Dungeon
  5111 | D:5      | Reached skill level 11 in Maces & Flails
  5127 | D:5      | Reached XP level 8. HP: 40/64 MP: 8/8
  5619 | D:5      | Identified the +3 spear of Growth {flame, Fly Int+5 Stlth-}
  5757 | D:5      | Reached skill level 12 in Maces & Flails
  6043 | D:5      | Found a snail-covered altar of Cheibriados.
  6512 | D:6      | Noticed Blork the orc
  6524 | D:6      | Reached skill level 13 in Maces & Flails
  6526 | D:6      | Killed Blork the orc
  7010 | D:6      | Reached skill level 14 in Maces & Flails
  7010 | D:6      | Reached XP level 9. HP: 61/70 MP: 9/9
  7372 | D:6      | Noticed Sigmund
  7381 | D:6      | Killed Sigmund
  7483 | D:6      | Found a staircase to the Ecumenical Temple.
  7532 | D:6      | Noticed Grinder
  7538 | D:6      | Killed Grinder
  7539 | D:6      | Reached skill level 15 in Maces & Flails
  9288 | D:7      | Reached skill level 5 in Armour
  9292 | D:7      | Reached XP level 10. HP: 63/80 MP: 10/10
  9442 | D:7      | Reached skill level 5 in Fighting
  9451 | D:7      | Noticed a cyclops
  9464 | D:7      | Killed a cyclops
  9705 | D:7      | Noticed a deep elf pyromancer
  9718 | D:7      | Killed a deep elf pyromancer
  9719 | D:7      | Reached skill level 16 in Maces & Flails
  9729 | D:7      | Identified the +4 flail "Arbiter" {venom, Dex+3}
  9753 | D:7      | Got the Secrets of Kinetic Beguiling
 10152 | D:7      | HP: 3/83 [electric eel/bolt of electricity (13)]
 10159 | D:7      | Killed from afar by an electric eel

Illustrated notes

Levels and vault maps discovered:
D:1:      lightli_arrival_windingriver, layout_basic,
          chequers_ecumenical_altar_simple, serial_bayou_lagoon_a,
          minmay_misc_feat_rugged
D:2:      cheibrodos_fertilizer, layout_basic
D:3:      layout_basic, grunt_temple_overflow_bloody_war, minmay_misc_feat_five,
          minmay_bisected, uniq_crazy_yiuf_cottage
D:4:      minmay_angry_zag, layout_loops_ring, cheibrodos_sewer_entry_bend,
          minmay_stone_trees_large, grunt_ministairs_12, uniq_menkaure
D:5:      layout_basic, cheibrodos_worm_habitat, minmay_starry_boxes
D:6:      layout_basic, temple_doors_ab, nicolae_elevator_lobby_plus,
          uniq_sigmund, uniq_blork_the_orc, uniq_grinder
D:7:      minmay_the_grid_triangle_9x9_rhombus_thin
          [minmay_the_grid_triangle_9x9_zippers_horizontal,
          minmay_the_grid_triangle_9x9_prize_center,
          minmay_the_grid_triangle_9x9_stretched_checkered,
          minmay_the_grid_triangle_9x9_impossible_snake], layout_loops_ring,
          serial_bayou, serial_bayou_crossing, serial_bayou_lagoon_b,
          serial_bayou_lake_a, chequers_hall_statues_wall_a

Skill      XL: |  1  2  3  4  5  6  7  8  9 10 |
---------------+-------------------------------+-----
Maces & Flails | 3 4 5 6 7 9 11 14 15 16 | 16.1
Armour         | 5 7 |  7.2
Invocations    | 2 3 |  3.3
Fighting       | 4 6 |  6.2
Dodging        | 2 3 |  3.3

Action                   |  1- 3 |  4- 6 |  7- 9 | 10-12 || total
-------------------------+-------+-------+-------+-------++-------
Melee: Mace              |    82 |    39 |       |       ||   121
       Headbutt          |     9 |    13 |    45 |    20 ||    87
       Flail             |       |    98 |    77 |    22 ||   197
       Spear             |       |       |    32 |       ||    32
       Dire flail        |       |       |   148 |    46 ||   194
       Punch             |       |       |     1 |       ||     1
       Great mace        |       |       |       |     3 ||     3
Throw: Javelin           |       |       |     4 |       ||     4
  Use: Scroll            |       |     1 |    11 |     1 ||    13
       Potion            |       |       |     1 |       ||     1
Armor: Leather armour    |    14 |       |       |       ||    14
       Ring mail         |    19 |    38 |    29 |       ||    86
       Chain mail        |       |    21 |       |       ||    21
       Scale mail        |       |     6 |       |       ||     6
       Plate armour      |       |       |    55 |    18 ||    73
Dodge: Dodged            |    43 |    48 |    92 |    26 ||   209

Table legend: (Time is in decaauts)
 A = Elapsed time spent in this place.
 B = Non-inter-level travel time spent in this place.
 C = Inter-level travel time spent in this place.
 D = Time resting spent in this place.
 E = Time spent auto-exploring this place.
 F = Levels seen in this place.
 G = Mean time per level.
                   A        B        C        D        E       F      G
               +--------+--------+--------+--------+--------+-----+--------+
         Total |  10128 |   9868 |    260 |   2288 |   6116 |   8 | 1266.0 |
       Dungeon |  10127 |   9867 |    260 |   2288 |   6116 |   7 | 1446.7 |
         Abyss |      1 |      1 |      0 |      0 |      0 |   1 |    1.0 |
               +--------+--------+--------+--------+--------+-----+--------+

Top non-repeatable levels by time:
     D:7: 2022 daAuts
     D:6: 1933 daAuts
     D:4: 1498 daAuts
     D:3: 1342 daAuts
     D:2: 1180 daAuts
     D:5: 1132 daAuts
     D:1: 1016 daAuts
 Abyss:1: 1 daAuts
